[Event "January 2 Late 2024"]
[Site "https://www.chess.com"]
[Date "2024.01.02"]
[Round "7"]
[White "Karpov, Vadim"]
[Black "Yushko, Olga"]
[Result "1-0"]
[Board "138"]
[TimeControl "180+1"]
[WhiteFideId "4155025"]
[BlackFideId "14114500"]
[WhiteElo "2426"]
[BlackElo "2210"]
[WhiteTeam "RUS"]
[BlackTeam "UKR"]
[WhiteClock "0:00:14"]
[BlackClock "0:00:10"]

1. Nf3 e6 2. d4 f5 3. g3 Nf6 4. Bg2 Be7 5. O-O O-O 6. c4 d6 7. Nc3 Qe8 8. Re1 Ne4 9. Qc2 Qg6 10. Nd2 Nxd2 11. Bxd2 Nc6 12. e3 Kh8 13. a3 a5 14. f4 Bd7 15. d5 Nd8 16. dxe6 Bxe6 17. Nd5 Bxd5 18. cxd5 Bf6 19. Qxc7 Bxb2 20. Ra2 Bf6 21. Qxd6 Nf7 22. Qb6 h5 23. Bxa5 h4 24. gxh4 Ra6 25. Qc5 Rfa8 26. Bb4 Bxh4 27. Rf1 Re8 28. Kh1 Be7 29. Qb5 Bxb4 30. Qxe8+ Kh7 31. Rf3 Bc5 32. Rg3 Qf6 33. Rh3+ Nh6 34. Qe5 Qb6 35. Rb2 Qa5 36. Rf3 Qxa3 37. Rxb7 Qa1+ 38. Rf1 Qxe5 39. fxe5 Bxe3 40. d6 Bc5 41. Bh3 Kg6 42. Rc7 Bb4 43. Rg1+ Kh5 44. Rcxg7 Bc5 45. R1g5+ Kh4 46. Bf1 Ra1 47. Kg2 Ra2+ 48. Kh1 Ra1 49. Rg1 Bxg1 50. Rxg1 Nf7 51. d7 Rd1 52. e6 Ng5 53. Bc4 Nf3 54. Rxd1 1-0

[Event "January 2 Late 2024"]
[Site "https://www.chess.com"]
[Date "2024.01.02"]
[Round "7"]
[White "Dmitriev, Sergey"]
[Black "Bouget, Alexandre"]
[Result "1-0"]
[Board "139"]
[TimeControl "180+1"]
[WhiteFideId "14101785"]
[BlackFideId "681318"]
[WhiteElo "2026"]
[BlackElo "2426"]
[WhiteTeam "UKR"]
[BlackTeam "FRA"]
[WhiteClock "0:00:13"]
[BlackClock "0:00:00"]

1. e4 d5 2. exd5 Qxd5 3. Nc3 Qe6+ 4. Be2 Qg6 5. Bf3 Nc6 6. Nge2 e5 7. Bxc6+ bxc6 8. O-O h5 9. d4 Bh3 10. Ng3 h4 11. gxh3 hxg3 12. fxg3 Rxh3 13. Qf3 exd4 14. Re1+ Be7 15. Ne2 Rh8 16. Nf4 Qh6 17. Qf2 O-O-O 18. Nd5 Qd6 19. Nxe7+ Nxe7 20. Bf4 Qd7 21. Rad1 c5 22. Re5 Nd5 23. Qf3 Kb8 24. Qb3+ Nb6 25. Rxc5 Qh3 26. Bxc7+ Kb7 27. Qf3+ Rd5 28. Rd2 Rh5 29. Bxb6 Qe6 30. Rxd5 Qe1+ 31. Qf1 1-0

[Event "January 2 Late 2024"]
[Site "https://www.chess.com"]
[Date "2024.01.02"]
[Round "7"]
[White "Kovacevic, Radmila"]
[Black "Avramidou, Anastasia"]
[Result "1/2-1/2"]
[Board "140"]
[TimeControl "180+1"]
[WhiteFideId "933171"]
[BlackFideId "4239873"]
[WhiteElo "2179"]
[BlackElo "2551"]
[WhiteTeam "SRB"]
[BlackTeam "GRE"]
[WhiteClock "0:00:22"]
[BlackClock "0:00:04"]

1. e4 g6 2. h4 h5 3. d4 Bg7 4. c3 d6 5. Bg5 Nf6 6. Nd2 c5 7. d5 O-O 8. Be2 e6 9. dxe6 Bxe6 10. g4 hxg4 11. h5 gxh5 12. Rxh5 Qd7 13. Rh4 Re8 14. Qc2 Nc6 15. O-O-O Ne5 16. f4 gxf3 17. Ngxf3 Ng6 18. Rhh1 Ng4 19. Rdg1 b5 20. Nh4 N4e5 21. Ndf3 Rac8 22. Nxg6 Nxg6 23. Nh4 Qc6 24. Bh5 Rc7 25. Nxg6 fxg6 26. Bxg6 Bf7 27. Bh7+ Kf8 28. Rf1 Re5 29. Bf4 Ree7 30. Qd2 Ke8 31. Qxd6 Red7 32. Qxc6 Rxc6 33. Bf5 Re7 34. Rh7 Be5 35. Bxe5 Rxe5 36. Rd1 Rc7 37. Rd6 Ke7 38. Rdh6 Kf8 39. Rh8+ Ke7 40. R6h7 Kd6 41. Rf8 Ree7 42. Kd2 Bxa2 43. Rd8+ Kc6 44. Rxe7 Rxe7 45. Ke3 Bc4 46. Kf4 a5 47. Rc8+ Kb6 48. e5 b4 49. Rf8 bxc3 50. Rf6+ Kb5 51. bxc3 a4 52. Bb1 a3 53. Kf5 a2 54. Bxa2 Bxa2 55. e6 Ka4 56. Ke5 Ka3 57. Kd6 Rxe6+ 58. Rxe6 Bxe6 59. Kxc5 Kb3 60. c4 Bxc4 1/2-1/2

[Event "January 2 Late 2024"]
[Site "https://www.chess.com"]
[Date "2024.01.02"]
[Round "7"]
[White "Lymar, Vladislav"]
[Black "Poddubnyi, Viktor"]
[Result "1-0"]
[Board "141"]
[TimeControl "180+1"]
[WhiteFideId "14162180"]
[BlackFideId "4141989"]
[WhiteElo "2541"]
[BlackElo "2328"]
[WhiteTeam "UKR"]
[BlackTeam "RUS"]
[WhiteClock "0:00:18"]
[BlackClock "0:00:00"]

1. f4 g6 2. Nf3 Bg7 3. g3 c5 4. Bg2 Nc6 5. e4 d6 6. O-O Nf6 7. d3 O-O 8. Nbd2 Rb8 9. Nc4 b5 10. Ne3 e6 11. g4 d5 12. e5 Ne8 13. c3 d4 14. Nc2 Nc7 15. Ng5 Nd5 16. Ne4 dxc3 17. bxc3 b4 18. c4 Nde7 19. Nxc5 Nd4 20. Be3 Nec6 21. Ne1 Qe7 22. Ne4 f6 23. Nf3 fxe5 24. fxe5 Nxf3+ 25. Bxf3 Nxe5 26. Bg2 Rxf1+ 27. Qxf1 Bb7 28. Bc5 Qd7 29. Nf6+ Bxf6 30. Qxf6 Nxg4 31. Qf4 e5 32. Qg5 Bxg2 33. Kxg2 Qf5 34. Qe7 Qxd3 35. Qe6+ Kg7 36. Qxg4 1-0

[Event "January 2 Late 2024"]
[Site "https://www.chess.com"]
[Date "2024.01.02"]
[Round "7"]
[White "Kotlyar, Kirill"]
[Black "Zampronha, Wladimir Camilo"]
[Result "0-1"]
[Board "142"]
[TimeControl "180+1"]
[WhiteFideId "24145599"]
[BlackFideId "2103087"]
[WhiteElo "2532"]
[BlackElo "2316"]
[WhiteTeam "RUS"]
[BlackTeam "BRA"]
[WhiteClock "0:00:02"]
[BlackClock "0:00:39"]

1. e4 c5 2. Nf3 e6 3. d4 cxd4 4. Nxd4 Nc6 5. Nc3 Qc7 6. g3 a6 7. Bg2 Nf6 8. O-O Be7 9. Re1 O-O 10. Nxc6 dxc6 11. e5 Rd8 12. Qe2 Nd5 13. Nd1 b5 14. b3 Bb7 15. c4 Nb4 16. Be4 c5 17. Bb1 Qc6 18. f3 Qxf3 19. Qxf3 Bxf3 20. Nf2 bxc4 21. bxc4 Nc6 22. Ba3 Nd4 23. Bd3 Bc6 24. Rad1 Nf3+ 25. Kf1 Nxe1 26. Kxe1 Rab8 27. Ke2 h6 28. h4 Rd7 29. Rd2 Rbd8 30. Rb2 Rb7 31. Rd2 h5 32. Rc2 g6 33. Bc1 Bf8 34. Be3 Bg7 35. Bf4 Rd4 36. Ke3 Rb4 37. Be2 a5 38. a3 Rb3+ 39. Bd3 Rxa3 40. Rb2 a4 41. Rb8+ Kh7 42. Rc8 Bg2 43. Rxc5 Rdxd3+ 44. Nxd3 Bf1 45. Rc7 Bxd3 46. Kd4 Bf1 47. Rxf7 Rd3+ 48. Ke4 a3 49. Ra7 Rb3 50. c5 Bc4 51. Kd4 Bd5 52. Ra6 a2 53. c6 Rb1 54. c7 Rc1 55. Ra7 Rxc7 56. Rxc7 a1=Q+ 57. Kc5 Qa3+ 58. Kb6 Qb4+ 59. Ka7 Qa5+ 60. Kb8 Qa8# 0-1

[Event "January 2 Late 2024"]
[Site "https://www.chess.com"]
[Date "2024.01.02"]
[Round "7"]
[White "Lalanne, Pablo"]
[Black "Rangel, Daniel"]
[Result "1-0"]
[Board "143"]
[TimeControl "180+1"]
[WhiteFideId "112151"]
[BlackFideId "2124475"]
[WhiteElo "2297"]
[BlackElo "2512"]
[WhiteTeam "ARG"]
[BlackTeam "BRA"]
[WhiteClock "0:00:18"]
[BlackClock "0:00:04"]

1. e4 c6 2. d4 d5 3. Nc3 dxe4 4. Nxe4 Nf6 5. Nxf6+ exf6 6. c3 Bd6 7. Bd3 O-O 8. Qc2 Re8+ 9. Ne2 h5 10. Bd2 Nd7 11. O-O-O Nf8 12. Kb1 Be6 13. h3 h4 14. g3 hxg3 15. fxg3 b5 16. g4 Rb8 17. Rhg1 Bh2 18. Rg2 Bc7 19. Rdg1 Bd5 20. Rf2 Qe7 21. g5 fxg5 22. Bxg5 Qe6 23. Bf6 Ng6 24. Bxg6 fxg6 25. Rxg6 Be4 26. Rxg7+ Kh8 27. Rxc7+ Kg8 28. Rg7+ Kh8 29. Re7+ Qxf6 30. Rxe8+ Rxe8 31. Rxf6 Bxc2+ 32. Kxc2 Rxe2+ 33. Kb3 Kg7 34. Rxc6 Rh2 35. Rc7+ Kf6 36. Rxa7 Ke6 37. Rb7 Rxh3 38. Rxb5 Kd6 39. a4 Kc6 40. Kc4 Rh1 41. b4 Rh4 42. Rg5 Rf4 43. Rg6+ Kb7 44. a5 Ka7 45. b5 Rf7 46. Kb4 Rh7 47. d5 Rc7 48. c4 Rd7 49. Kc5 Rc7+ 50. Rc6 Rh7 51. b6+ Ka6 52. Rc7 Rg7 53. Rxg7 Kxa5 54. Ra7# 1-0

[Event "January 2 Late 2024"]
[Site "https://www.chess.com"]
[Date "2024.01.02"]
[Round "7"]
[White "Korpics, Zsolt"]
[Black "Gonzalez Zharikov, Andrey"]
[Result "0-1"]
[Board "144"]
[TimeControl "180+1"]
[WhiteFideId "705241"]
[BlackFideId "5145287"]
[WhiteElo "2499"]
[BlackElo "2294"]
[WhiteTeam "HUN"]
[BlackTeam "MEX"]
[WhiteClock "0:00:01"]
[BlackClock "0:00:03"]

1. e4 c6 2. Nf3 d5 3. Nc3 dxe4 4. Nxe4 Nf6 5. Qe2 Nxe4 6. Qxe4 Nd7 7. Bc4 Nf6 8. Ne5 e6 9. Qf4 Qc7 10. d4 Bd6 11. Qg5 O-O 12. h4 Nd5 13. Ng4 f6 14. Qd2 b5 15. Bd3 e5 16. dxe5 fxe5 17. Qe2 Nf4 18. Bxf4 Rxf4 19. Ne3 Qa5+ 20. c3 b4 21. Nc4 Qc7 22. Qh5 e4 23. Qe8+ Bf8 24. Bxe4 Rb8 25. Bd3 Bf5 26. Qe2 Bxd3 27. Qxd3 Re8+ 28. Ne3 bxc3 29. bxc3 Qf7 30. Qd2 Bc5 31. O-O Rxh4 32. g3 Rh5 33. Ng2 Rd5 34. Qb2 g5 35. Rae1 Rf8 36. Ne3 Bxe3 37. Rxe3 Qg7 38. Qb3 Kh8 39. c4 Rdf5 40. Qd3 h5 41. Qe4 h4 42. gxh4 gxh4+ 43. Kh1 Rf4 44. Qxc6 Rg4 45. Rh3 Rg8 46. Rxh4+ Rxh4# 0-1

[Event "January 2 Late 2024"]
[Site "https://www.chess.com"]
[Date "2024.01.02"]
[Round "7"]
[White "xakevicius91"]
[Black "Skaric, Djuro"]
[Result "1-0"]
[Board "145"]
[TimeControl "180+1"]
[BlackFideId "934569"]
[WhiteElo "2492"]
[BlackElo "2290"]
[BlackTeam "SRB"]
[WhiteClock "0:01:54"]
[BlackClock "0:01:44"]

1. e4 d6 2. Nc3 g6 3. d4 Bg7 4. Be3 Nf6 5. f3 O-O 6. Qd2 Nc6 7. g4 e5 8. d5 Ne7 9. h4 h5 10. gxh5 Nxh5 11. O-O-O a6 12. Nge2 f5 13. exf5 Nxf5 14. Bg5 Qe8 15. Ne4 Kh7 16. Rg1 b5 17. Bh3 Nd4 18. Nxd4 exd4 19. Bg4 Bxg4 20. Rxg4 Rxf3 21. Qg2 Rf4 22. Bxf4 1-0

[Event "January 2 Late 2024"]
[Site "https://www.chess.com"]
[Date "2024.01.02"]
[Round "7"]
[White "Antonio, Jorge Carlos"]
[Black "Gaal, Zsoka"]
[Result "1-0"]
[Board "146"]
[TimeControl "180+1"]
[WhiteFideId "113190"]
[BlackFideId "777765"]
[WhiteElo "2289"]
[BlackElo "2483"]
[WhiteTeam "ARG"]
[BlackTeam "HUN"]
[WhiteClock "0:00:04"]
[BlackClock "0:00:04"]

1. d4 e6 2. Nf3 b6 3. g3 Bb7 4. Bg2 Nf6 5. O-O Be7 6. c4 O-O 7. Nc3 d6 8. Bg5 Nbd7 9. e3 h6 10. Bxf6 Nxf6 11. Rc1 a5 12. b3 Re8 13. a4 Bf8 14. Ne1 Qc8 15. Bxb7 Qxb7 16. Ng2 e5 17. d5 g6 18. Nh4 Nd7 19. Qc2 Bg7 20. Rce1 Nc5 21. Ne4 Nd7 22. f4 f5 23. Nd2 Nf8 24. e4 exf4 25. exf5 g5 26. f6 Bxf6 27. Nf5 Bg7 28. g4 Nd7 29. Re7 Rxe7 30. Nxe7+ Kh8 31. Qg6 Ne5 32. Qe6 b5 33. axb5 Qb6+ 34. Kg2 Qe3 35. Nf3 Nxf3 36. Rxf3 Qxe6 37. dxe6 Re8 38. Nd5 Rxe6 39. Nxc7 Re2+ 40. Rf2 Re4 41. Nd5 Bd4 42. Rc2 Bc5 43. b6 Re1 44. b7 Rg1+ 45. Kf3 Ba7 46. Ke4 Re1+ 47. Kf5 Re5+ 48. Kg6 Kg8 49. Kxh6 Kf7 50. h4 f3 51. hxg5 Re2 52. Rc3 f2 53. Rf3+ Ke6 54. Nc7+ Kd7 55. Nb5 Bb8 56. Nc3 Rc2 57. Ne4 Kc6 58. Rxf2 Rc1 59. Rf3 Kxb7 60. Nf6 d5 61. Nxd5 Be5 62. g6 Rh1+ 63. Kg5 Kc6 64. Kf5 Bb2 65. Ke6 Kc5 66. Kf7 Rh2 67. g7 Rh7 68. Nf6 Rxg7+ 69. Kxg7 Kb4 70. Kf7 a4 71. bxa4 Kxc4 72. g5 Bxf6 73. g6 Bd4 74. g7 Bxg7 75. Kxg7 Kb4 76. Kf7 Ka5 77. Ke6 1-0

[Event "January 2 Late 2024"]
[Site "https://www.chess.com"]
[Date "2024.01.02"]
[Round "7"]
[White "Fernandez Madrid, Carlos"]
[Black "Dobre, Claudiu-Cristian"]
[Result "0-1"]
[Board "147"]
[TimeControl "180+1"]
[WhiteFideId "2206030"]
[BlackFideId "1211854"]
[WhiteElo "2286"]
[BlackElo "2483"]
[WhiteTeam "ESP"]
[BlackTeam "ROU"]
[WhiteClock "0:01:13"]
[BlackClock "0:00:13"]

1. d4 f5 2. b3 Nf6 3. Bb2 g6 4. Nd2 Bg7 5. g3 O-O 6. Bg2 d6 7. e4 fxe4 8. Nxe4 Nxe4 9. Bxe4 Nc6 10. Ne2 Bg4 11. f3 Bxf3 12. Bxf3 Rxf3 13. Nf4 Re3+ 14. Kf1 Re4 15. c3 e5 16. dxe5 dxe5 17. Qxd8+ Rxd8 18. Ne6 Rd2 19. Nxg7 Rxb2 20. Ne6 Ree2 21. Nxc7 e4 22. Nd5 Ne5 23. Nf4 Red2 24. Re1 Nf3 25. Re2 Rxa2 26. Kf2 g5 27. Rxd2 Rxd2+ 28. Ne2 Rd3 29. Ra1 a6 30. h3 Nd2 31. Ra5 h6 32. c4 Nxb3 33. Re5 Nd2 34. Re6 Nxc4 35. Rxh6 Kg7 36. Re6 e3+ 37. Kf3 Rd8 38. h4 Rf8+ 39. Kg4 gxh4 40. Re4 Nd6 41. Rxe3 Nf5 42. Re5 Nxg3 43. Nf4 Rf7 44. Ne6+ Kf6 45. Re1 Re7 46. Kxh4 Nf5+ 47. Kg4 Rxe6 48. Rf1 Re4+ 49. Kf3 Rc4 50. Rb1 b5 51. Ke2 b4 52. Kd3 Rd4+ 53. Kc2 Ne3+ 54. Kb3 Ke5 55. Ka4 Nd5 56. Re1+ Kd6 57. Rh1 Kc5 58. Rc1+ Rc4 59. Rh1 Rc3 60. Ra1 Ra3+ 61. Rxa3 Nb6+ 62. Kb3 bxa3 63. Kxa3 a5 64. Kb3 a4+ 65. Ka3 Kc4 66. Kb2 Kb4 67. Ka2 Nd5 68. Kb2 Nc3 69. Ka1 Ne4 70. Kb2 Nd6 71. Ka2 Nc4 72. Ka1 Kb3 73. Kb1 a3 74. Ka1 Ne3 75. Kb1 Nc2 76. Kc1 a2 77. Kd2 a1=Q 0-1

[Event "January 2 Late 2024"]
[Site "https://www.chess.com"]
[Date "2024.01.02"]
[Round "7"]
[White "Eggleston, Thomas A"]
[Black "Mazi, Leon"]
[Result "0-1"]
[Board "148"]
[TimeControl "180+1"]
[WhiteFideId "412139"]
[BlackFideId "14600315"]
[WhiteElo "2284"]
[BlackElo "2478"]
[WhiteTeam "ENG"]
[BlackTeam "SLO"]
[WhiteClock "0:00:00"]
[BlackClock "0:00:52"]

1. e4 c5 2. Nf3 d6 3. Bc4 e6 4. O-O Nc6 5. Re1 a6 6. c3 b5 7. Bf1 Nf6 8. a4 b4 9. d4 cxd4 10. cxd4 d5 11. e5 Ne4 12. Nbd2 Bb7 13. a5 Be7 14. Nb3 O-O 15. g3 Rc8 16. h4 f6 17. Bf4 fxe5 18. Bxe5 Nxe5 19. Nxe5 Bxh4 20. Rxe4 dxe4 21. Qg4 Qf6 22. f4 Bd5 23. Nc5 Qh6 24. Bxa6 Rxc5 25. dxc5 Be7 26. Bf1 Bxc5+ 27. Kg2 e3+ 28. Nf3 Qf6 29. Be2 Qxb2 30. Re1 Qa2 31. Kf1 Qxa5 32. Ng5 Qb6 0-1

[Event "January 2 Late 2024"]
[Site "https://www.chess.com"]
[Date "2024.01.02"]
[Round "7"]
[White "Urbina Perez, Juan Antonio"]
[Black "Vanek, Tomas"]
[Result "0-1"]
[Board "149"]
[TimeControl "180+1"]
[WhiteFideId "2217368"]
[BlackFideId "313459"]
[WhiteElo "2423"]
[BlackElo "2269"]
[WhiteTeam "ESP"]
[BlackTeam "CZE"]
[WhiteClock "0:00:26"]
[BlackClock "0:00:06"]

1. d4 f5 2. Nc3 Nf6 3. Bg5 e6 4. Bxf6 Qxf6 5. e4 Bb4 6. Ne2 fxe4 7. Qd2 O-O 8. O-O-O Qxf2 9. a3 Bxc3 10. Qxc3 Nc6 11. Ng3 Qf4+ 12. Kb1 d5 13. Bb5 Bd7 14. Bxc6 bxc6 15. Rhf1 Qd6 16. Qe3 e5 17. c3 exd4 18. cxd4 Rxf1 19. Rxf1 Rf8 20. Rxf8+ Qxf8 21. Qg5 Qf6 22. Qh5 Qxd4 23. Qg5 Qf6 24. Qc1 d4 25. Qc4+ Kh8 26. Ka1 d3 27. Nxe4 Qf1+ 28. Ka2 Qxg2 29. Qf7 h6 30. Nc3 Qg4 31. Qf8+ Kh7 32. Qc5 d2 33. Qf2 Be6+ 34. Kb1 d1=Q+ 35. Nxd1 Qxd1# 0-1

[Event "January 2 Late 2024"]
[Site "https://www.chess.com"]
[Date "2024.01.02"]
[Round "7"]
[White "Delgado Kuffo, Andres"]
[Black "Jaque Gutierrez, Matias"]
[Result "0-1"]
[Board "150"]
[TimeControl "180+1"]
[WhiteFideId "3600475"]
[BlackFideId "3426980"]
[WhiteElo "2267"]
[BlackElo "2422"]
[WhiteTeam "ECU"]
[BlackTeam "CHI"]
[WhiteClock "0:00:02"]
[BlackClock "0:00:59"]

1. e4 c5 2. Nf3 e6 3. c3 Nf6 4. Bd3 Nc6 5. Bc2 d5 6. e5 Nd7 7. d4 b6 8. Ng5 Be7 9. Nxe6 fxe6 10. Qh5+ Kf8 11. Bxh7 Qe8 12. Qh3 cxd4 13. f4 Qf7 14. Qd3 Nc5 15. Qc2 d3 16. Bxd3 Nxd3+ 17. Qxd3 a5 18. Na3 Ba6 19. Nb5 a4 20. f5 Nxe5 21. Qe2 Bh4+ 22. Kd1 Qh5 23. Qxh5 Rxh5 24. Nc7 Ra7 25. Nxe6+ Kf7 26. Bf4 Nd3 27. Bb8 Rb7 28. Nd8+ Bxd8 0-1

[Event "January 2 Late 2024"]
[Site "https://www.chess.com"]
[Date "2024.01.02"]
[Round "7"]
[White "Spichkin, Alexander"]
[Black "Kappeler, Kaspar"]
[Result "1-0"]
[Board "151"]
[TimeControl "180+1"]
[WhiteFideId "4144074"]
[BlackFideId "1309072"]
[WhiteElo "2420"]
[BlackElo "2262"]
[WhiteTeam "RUS"]
[BlackTeam "SUI"]
[WhiteClock "0:01:32"]
[BlackClock "0:00:00"]

1. f4 d5 2. Nf3 Nf6 3. e3 g6 4. Be2 Bg7 5. O-O O-O 6. d3 c5 7. Kh1 Nc6 8. a4 Qc7 9. Nc3 e5 10. Nb5 Qb8 11. fxe5 Nxe5 12. Nxe5 Qxe5 13. e4 dxe4 14. Bf4 Qxb2 15. Rb1 Qa2 16. Be5 exd3 17. Bxd3 Ng4 18. Bxg7 Kxg7 19. Qf3 Be6 20. Ra1 Qd5 21. Be4 Qh5 22. h3 Rad8 23. Nc7 Bc4 24. Qxg4 Qxg4 25. hxg4 Bxf1 26. Rxf1 Rd4 27. Bxb7 Rxa4 28. Bf3 a5 29. Rb1 1-0

[Event "January 2 Late 2024"]
[Site "https://www.chess.com"]
[Date "2024.01.02"]
[Round "7"]
[White "Harish, Neeraj"]
[Black "Micic, Aleksa"]
[Result "0-1"]
[Board "152"]
[TimeControl "180+1"]
[WhiteFideId "30958130"]
[BlackFideId "989940"]
[WhiteElo "2259"]
[BlackElo "2419"]
[WhiteTeam "USA"]
[BlackTeam "SRB"]
[WhiteClock "0:00:00"]
[BlackClock "0:00:57"]

1. e4 c5 2. Nf3 Qa5 3. Nc3 a6 4. d4 cxd4 5. Nxd4 Nf6 6. Nb3 Qc7 7. Be3 e6 8. Qd2 b5 9. f3 Bb7 10. O-O-O d6 11. g4 Nbd7 12. g5 Nh5 13. h4 Ne5 14. Qf2 Rc8 15. Bb6 Qb8 16. Na5 g6 17. Nxb5 axb5 18. Bxb5+ Bc6 19. Nxc6 Nxc6 20. a4 Bg7 21. a5 O-O 22. Qd2 Na7 23. Ba4 Be5 24. Kb1 Nc6 25. b4 Na7 26. Qd3 Qb7 27. c4 Nc6 28. Qb3 Ng3 29. Rhg1 Ne2 30. Rge1 Ned4 0-1

[Event "January 2 Late 2024"]
[Site "https://www.chess.com"]
[Date "2024.01.02"]
[Round "7"]
[White "Cueto, Jonny"]
[Black "Caglar, Sila"]
[Result "1/2-1/2"]
[Board "153"]
[TimeControl "180+1"]
[WhiteFideId "3300145"]
[BlackFideId "6364063"]
[WhiteElo "2250"]
[BlackElo "2414"]
[WhiteTeam "BOL"]
[BlackTeam "TUR"]
[WhiteClock "0:00:21"]
[BlackClock "0:00:18"]

1. d4 d6 2. Bf4 Nf6 3. Nc3 g6 4. e4 Bg7 5. Qd2 h6 6. h4 b6 7. f3 Bb7 8. O-O-O Nbd7 9. e5 Nd5 10. Nxd5 Bxd5 11. c4 Bb7 12. exd6 cxd6 13. Kb1 Nf8 14. g4 Ne6 15. Be3 Rc8 16. Nh3 Bxf3 17. Bd3 Bxg4 18. Rdf1 f5 19. h5 Bxh5 20. Nf4 Nxf4 21. Bxf4 Bxd4 22. Bxf5 e5 23. Bxh6 gxf5 24. Rxh5 f4 25. Bg5 Rxh5 26. Bxd8 Kxd8 27. Qg2 Rh8 28. Qg7 Rh2 29. Qg8+ Kc7 30. Qf7+ Kb8 31. Qd5 Rxb2+ 32. Kc1 Rxa2 33. Qxd6+ Rc7 34. Qd8+ Rc8 35. Qd6+ Kb7 36. Qd7+ Rc7 37. Qd5+ Ka6 38. Qb5+ Kb7 39. Qd5+ Rc6 40. Qd7+ Rc7 41. Qd5+ 1/2-1/2

[Event "January 2 Late 2024"]
[Site "https://www.chess.com"]
[Date "2024.01.02"]
[Round "7"]
[White "Doublekk14"]
[Black "Ambrogi, Agustin"]
[Result "1/2-1/2"]
[Board "154"]
[TimeControl "180+1"]
[BlackFideId "170933"]
[WhiteElo "2249"]
[BlackElo "2407"]
[BlackTeam "ARG"]
[WhiteClock "0:00:30"]
[BlackClock "0:00:56"]

1. c4 Nf6 2. Nc3 g6 3. e3 Bg7 4. d4 O-O 5. Nf3 b6 6. Be2 Bb7 7. O-O Ne4 8. Nxe4 Bxe4 9. Bd3 Bxd3 10. Qxd3 c6 11. b3 d5 12. Bb2 e6 13. cxd5 cxd5 14. Ba3 Re8 15. Rac1 Nd7 16. Rc6 Rc8 17. Rfc1 Rxc6 18. Rxc6 Qa8 19. Qc2 Nf6 20. Ne5 Ne4 21. f3 Nc5 22. Bxc5 Bxe5 23. Bxb6 Bxh2+ 24. Kxh2 axb6 25. Rxb6 Rc8 26. Qd2 Qa7 27. Qb4 Qxa2 28. Rb8 Rxb8 29. Qxb8+ Kg7 30. b4 Qb3 31. b5 f6 32. b6 Qxe3 33. b7 Qh6+ 34. Kg3 Qg5+ 35. Kh3 Qh6+ 36. Kg3 Qg5+ 37. Kf2 Qd2+ 38. Kg3 Qg5+ 1/2-1/2

[Event "January 2 Late 2024"]
[Site "https://www.chess.com"]
[Date "2024.01.02"]
[Round "7"]
[White "Baules Rodriguez, Jorge Luis"]
[Black "Andersson, Bjorn 1971"]
[Result "1-0"]
[Board "155"]
[TimeControl "180+1"]
[WhiteFideId "6600247"]
[BlackFideId "1702114"]
[WhiteElo "2400"]
[BlackElo "2241"]
[WhiteTeam "PAN"]
[BlackTeam "SWE"]
[WhiteClock "0:00:36"]
[BlackClock "0:01:04"]

1. e4 c5 2. Nf3 Nc6 3. d4 cxd4 4. Nxd4 Nf6 5. Nc3 e5 6. Ndb5 d6 7. Bg5 a6 8. Na3 b5 9. Nd5 Be7 10. Bxf6 Bxf6 11. c4 b4 12. Nc2 a5 13. Qf3 Be6 14. Nxf6+ Qxf6 15. Qxf6 gxf6 16. Rd1 Ke7 17. Bd3 Rhg8 18. g3 Bh3 19. Bf1 Bg4 20. Be2 h5 21. h3 Bxe2 22. Kxe2 h4 23. g4 Rgc8 24. Rd3 a4 25. Rhd1 b3 26. axb3 axb3 27. Rxb3 Rab8 28. Rdd3 Ke6 29. Rxb8 Rxb8 30. b3 Ra8 31. Kd2 Ra2 32. Kc3 Ne7 33. Rd2 Nc6 34. b4 Nd4 35. Kd3 Rb2 36. Nxd4+ exd4 37. Rxb2 1-0

[Event "January 2 Late 2024"]
[Site "https://www.chess.com"]
[Date "2024.01.02"]
[Round "7"]
[White "Rose, Felix"]
[Black "Carrasco Miranda, Andres"]
[Result "0-1"]
[Board "156"]
[TimeControl "180+1"]
[WhiteFideId "5105722"]
[BlackFideId "3405990"]
[WhiteElo "2236"]
[BlackElo "2397"]
[WhiteTeam "MEX"]
[BlackTeam "CHI"]
[WhiteClock "0:00:35"]
[BlackClock "0:01:53"]

1. e4 e5 2. Nf3 Nc6 3. Bc4 Bc5 4. c3 Nf6 5. d3 d6 6. Nbd2 a5 7. h3 Ba7 8. Nf1 Be6 9. Bb5 O-O 10. Ng3 Ne7 11. O-O c6 12. Ba4 Ng6 13. d4 d5 14. exd5 Bxd5 15. Nxe5 Nxe5 16. dxe5 Qc7 17. Bf4 Rad8 18. Qc1 Ne4 19. Nxe4 Bxe4 20. Qe3 Bxe3 0-1

[Event "January 2 Late 2024"]
[Site "https://www.chess.com"]
[Date "2024.01.02"]
[Round "7"]
[White "Clawitter, Craig"]
[Black "Skibbe, Willi"]
[Result "1-0"]
[Board "157"]
[TimeControl "180+1"]
[WhiteFideId "2023105"]
[BlackFideId "4682190"]
[WhiteElo "2231"]
[BlackElo "2396"]
[WhiteTeam "USA"]
[BlackTeam "GER"]
[WhiteClock "0:00:08"]
[BlackClock "0:00:00"]

1. e4 e6 2. d4 d5 3. e5 c5 4. c3 Nc6 5. Nf3 Bd7 6. Be2 Nge7 7. O-O Ng6 8. g3 f6 9. exf6 gxf6 10. h4 Qc7 11. h5 Nge7 12. Kg2 cxd4 13. cxd4 Nf5 14. Nc3 a6 15. Bf4 Bd6 16. Bxd6 Qxd6 17. Rc1 O-O-O 18. Bd3 Nfe7 19. Na4 Kb8 20. Nc5 e5 21. Qb3 Na5 22. Qb4 e4 23. Nxa6+ Qxa6 24. Bxa6 exf3+ 25. Kxf3 Nec6 26. Qb6 Bf5 27. Rxc6 Be4+ 28. Kf4 Rd7 29. Rd6 Rc7 30. Bxb7 Rxb7 31. Qxa5 f5 32. Re6 Rg8 33. f3 Bc2 34. Rd6 1-0

[Event "January 2 Late 2024"]
[Site "https://www.chess.com"]
[Date "2024.01.02"]
[Round "7"]
[White "Rios Escobar, Adan"]
[Black "Keller, Peter"]
[Result "1-0"]
[Board "158"]
[TimeControl "180+1"]
[WhiteFideId "3403645"]
[BlackFideId "1272105"]
[WhiteElo "2372"]
[BlackElo "2210"]
[WhiteTeam "CHI"]
[BlackTeam "GER"]
[WhiteClock "0:00:18"]
[BlackClock "0:00:14"]

1. d4 Nf6 2. g3 d5 3. Nf3 Bf5 4. c4 e6 5. Nc3 c6 6. Nh4 Be4 7. f3 Bg6 8. Qb3 Qb6 9. c5 Qxb3 10. axb3 Nbd7 11. b4 e5 12. Nxg6 hxg6 13. e3 Be7 14. b5 e4 15. fxe4 Nxe4 16. Nxe4 dxe4 17. bxc6 bxc6 18. Ra6 Nb8 19. Ra4 Nd7 20. Ba6 Rb8 21. O-O f5 22. Bc4 Rb7 23. b4 Kd8 24. Bd2 Kc7 25. Rfa1 Ra8 26. d5 Ne5 27. d6+ Bxd6 28. cxd6+ Kxd6 29. Be2 1-0

[Event "January 2 Late 2024"]
[Site "https://www.chess.com"]
[Date "2024.01.02"]
[Round "7"]
[White "Porat, Tori"]
[Black "Paragua, Megan Althea"]
[Result "0-1"]
[Board "159"]
[TimeControl "180+1"]
[WhiteFideId "30982626"]
[BlackFideId "30973007"]
[WhiteElo "2177"]
[BlackElo "2369"]
[WhiteTeam "USA"]
[BlackTeam "USA"]
[WhiteClock "0:00:47"]
[BlackClock "0:01:04"]

1. d4 Nf6 2. c4 e6 3. Nc3 d5 4. Nf3 Be7 5. Bg5 O-O 6. e3 h6 7. Bh4 b6 8. Be2 Bb7 9. O-O Nbd7 10. Bd3 Ne4 11. Bxe7 Qxe7 12. cxd5 exd5 13. Rc1 Ndf6 14. Ne5 c5 15. dxc5 Qxe5 16. cxb6 axb6 17. f4 Qe7 18. Bxe4 dxe4 19. Kh1 Rfd8 20. Qc2 Ba6 21. Rg1 Bd3 22. Qf2 Nd5 23. g4 Nxc3 24. Rxc3 Rxa2 25. g5 h5 26. f5 Qe5 27. Rgc1 Ra5 28. Rc8 Rxc8 29. Rxc8+ Kh7 30. g6+ fxg6 31. fxg6+ Kxg6 32. Qf8 Ra1+ 33. Kg2 Qg5+ 0-1

[Event "January 2 Late 2024"]
[Site "https://www.chess.com"]
[Date "2024.01.02"]
[Round "7"]
[White "Gao, Raymond"]
[Black "KSho99"]
[Result "1-0"]
[Board "160"]
[TimeControl "180+1"]
[WhiteFideId "2629429"]
[WhiteElo "2359"]
[BlackElo "2171"]
[WhiteTeam "CAN"]
[WhiteClock "0:00:49"]
[BlackClock "0:00:11"]

1. e4 c6 2. Nf3 d5 3. exd5 cxd5 4. Ne5 a6 5. d4 Nc6 6. c4 Nxe5 7. dxe5 dxc4 8. Qxd8+ Kxd8 9. Bxc4 e6 10. O-O b5 11. Rd1+ Ke8 12. Be2 Bb7 13. a4 b4 14. Nd2 Ne7 15. Nc4 Nd5 16. Na5 Bc8 17. Bf3 Be7 18. Bxd5 exd5 19. Rxd5 Be6 20. Rd1 Rc8 21. Be3 f6 22. exf6 gxf6 23. Rac1 Kf7 24. Nc6 Bf8 25. Nd8+ Ke7 26. Nxe6 Rxc1 27. Rxc1 Kxe6 28. Rc6+ Kd5 29. Rxa6 Bd6 30. Kf1 Rc8 31. Ra5+ Ke4 32. Rb5 Rc2 33. a5 Rxb2 34. a6 Ra2 35. a7 Be5 36. Rxb4+ Kd3 37. g3 1-0